 Dungeon Crawl Stone Soup version 0.28.0-55-gcd9437bce4 (webtiles) character file.

Game seed: 11283561875009283880

569 nerdsy the Magician (level 7, -1/49 HPs)
             Began as a Djinni Hedge Wizard on Dec 31, 2022.
             Slain by a centaur (2 damage)
             ... on level 5 of the Dungeon.
             The game lasted 00:29:49 (5460 turns).

nerdsy the Magician (Djinni Hedge Wizard)           Turns: 5460, Time: 00:29:50

Health: -1/49      AC: 11    Str:  9    XL:     7   Next: 60%
Gold:   243        EV: 10    Int: 22    God:
                   SH:  4    Dex: 12

rFire   + + +      SeeInvis .   o - +2 dagger (venom)
rCold   x x .      Faith    .   g - +0 buckler
rNeg    . . .      Spirit   .   d - +3 ring mail {rF+}
rPois   ∞          Reflect  .   a - +2 helmet "Naniseigh" {rElec rPois rC- Int+4}
rElec   +          Harm     .   (no cloak)
rCorr   .          Rampage  .   (no gloves)
Will    .....                   (boots unavailable)
Stlth   +.........              (no amulet)
HPRegen 0.16/turn               (no ring)
MPRegen 0.00/turn               (no ring)

@: flying
A: sickness immunity, fire resistance 2, cold vulnerability 1, float, innate
caster, HP casting, extra vitality 1
a: no special abilities


You were on level 5 of the Dungeon.
You visited 1 branch of the dungeon, and saw 5 of its levels.

You collected 243 gold pieces.

Inventory:

Hand Weapons
 o - a +2 dagger of venom (weapon)
 q - a +1 dagger of holy wrath
Missiles
 b - 7 poisoned darts
 c - 19 bolts
 j - 25 arrows
 k - 83 stones
Armour
 a - the +2 helmet "Naniseigh" (worn) {rElec rPois rC- Int+4}
   (You acquired it on level 3 of the Dungeon)

   Int:       It affects your intelligence (+4).
   rC:        It makes you vulnerable to cold.
   rElec:     It insulates you from electricity.
   rPois:     It protects you from poison.
 d - a +3 ring mail of fire resistance (worn)
 g - a +0 buckler (worn)
Jewellery
 r - a ring of fire
Wands
 p - a wand of iceblast (8)
Scrolls
 h - 2 scrolls of identify
 i - a scroll of teleportation
 l - a scroll of enchant weapon
Potions
 e - a potion of magic {unknown}
 f - a potion of lignification {unknown}
 m - 2 potions of flight {unknown}
 n - a potion of berserk rage {unknown}


   Skills:
 + Level 2.0 Fighting
 + Level 2.0 Short Blades
 + Level 2.2 Polearms
 + Level 3.3 Armour
 + Level 3.5 Dodging
 + Level 1.9 Stealth
 + Level 1.3 Shields
 + Level 3.5 Spellcasting


You couldn't memorise any spells.
You knew the following spells:

 Your Spells              Type           Power      Damage    Failure   Level
a - Magic Dart            Conj           76%        1d6       10%         1
b - Blink                 Tloc           38%        N/A       16%         2
c - Call Imp              Summ           19%        N/A       16%         2
d - Slow                  Hex            76%        N/A       10%         1
e - Conjure Flame         Conj/Fire      19%        6-21      30%         3
f - Mephitic Cloud        Conj/Pois/Air  19%        N/A       30%         3
g - Sting                 Tmut/Pois      76%        1d6       10%         1
h - Wereblood             Tmut           19%        N/A       16%         2
i - Call Canine Familiar  Summ           19%        N/A       30%         3
Your spell library was empty.

Dungeon Overview and Level Annotations

Branches:
Dungeon (5/15)
 Temple: D:4-7

Altars:
Hepliaklqana
Uskayaw


Innate Abilities, Weirdness & Mutations

You are immune to sickness and miasma.
You are immune to poison.
Your flesh is very heat resistant. (rF++)
You are vulnerable to cold. (rC-)
You float through the air rather than walking.
You learn spells naturally, not from books.
Your magical power is your life essence.
You have superior vitality. (+4 MHP)


Message History

The centaur hits you but does no damage.
The centaur barely misses you. The ufetubus misses you.
The ufetubus hits you but does no damage.
You closely miss the ufetubus.
The ufetubus is heavily wounded.
The ufetubus hits you. x2
You miss the ufetubus.
The ufetubus is severely wounded.
The centaur wields a +0 shortbow.
The centaur shoots an arrow.
The arrow hits you.
The centaur hits you but does no damage.
The centaur barely misses you.
The ufetubus hits you but does no damage.
The ufetubus barely misses you. You block the centaur's attack. x2
You hit the ufetubus.
The ufetubus looks as sick as possible!
The ufetubus is almost dead.
You kill the ufetubus!
The centaur shoots an arrow.
The arrow hits you. The centaur barely misses you.
The centaur kicks you but does no damage.
The centaur unwields a +0 shortbow.
The centaur barely misses you.
The centaur kicks you but does no damage.
The iguana bites you!
* * * LOW HITPOINT WARNING * * *
You hit the centaur but do no damage.
The centaur is poisoned.
The centaur closely misses you. The centaur barely misses you.
The centaur hits you but does no damage.
The centaur closely misses you. The iguana closely misses you.
The centaur barely misses you. You block the centaur's attack.
A quokka comes into view.
The centaur hits you.
* * * LOW HITPOINT WARNING * * *
The centaur barely misses you.
You hit the centaur but do no damage.
The centaur looks as sick as possible!
The centaur is lightly wounded.
The centaur hits you but does no damage.
The centaur kicks you but does no damage.
The iguana closely misses you.
The centaur hits you but does no damage.
The centaur kicks you.
You die...

...........##..#....
.............##..#....
...#...............##.
#.#...........##.....
#.............###....
#.............##.....
.###..................##
.......l.†....##....####
#......@c.?..........###
##......c...............
#.......###...##.......
#........##....#.#.....
#.................#.....
r..........###..........
.........####...........
#......<>. ##..........
...#..... ............


You could see 2 centaurs, an iguana and a quokka.

Vanquished Creatures
  2 black bears (D:4)
  A water moccasin skeleton (D:2)
  A bullfrog skeleton (D:4)
  2 orc wizards (D:4)
  2 adders
  An ufetubus (D:5)
  2 worms (D:2)
  5 dart slugs
  3 orcs (D:4)
  6 bats
  5 endoplasms
  3 giant cockroaches
  10 goblins
  6 hobgoblins
  3 quokkas
  7 ball pythons
  4 frilled lizards
  10 kobolds
  6 rats
79 creatures vanquished.

Vanquished Creatures (collateral kills)
  A water moccasin (D:5)
  A water moccasin skeleton (D:5)
2 creatures vanquished.

Vanquished Creatures (others)
  A plant (D:2)
1 creature vanquished.

Grand Total: 82 creatures vanquished

Notes
Turn   | Place    | Note
-------+----------+-------------------------------------------
     0 | D:1      | nerdsy the Djinni Hedge Wizard began the quest for the Orb.
     0 | D:1      | Reached XP level 1. HP: 15/15 MP: 0/0
   587 | D:1      | Reached XP level 2. HP: 20/21 MP: 0/0
  1675 | D:1      | Reached XP level 3. HP: 25/25 MP: 0/0
  1675 | D:1      | Learned a level 1 spell: Sting
  1869 | D:1      | Reached skill level 1 in Polearms
  2394 | D:2      | Reached XP level 4. HP: 27/31 MP: 0/0
  2742 | D:2      | Reached skill level 1 in Armour
  2807 | D:2      | HP: 1/31 [water moccasin skeleton (5)]
  2809 | D:2      | Reached skill level 1 in Fighting
  2809 | D:2      | Reached XP level 5. HP: 2/37 MP: 0/0
  2809 | D:2      | Learned a level 2 spell: Wereblood
  3643 | D:3      | Identified a scroll of acquirement
  3643 | D:3      | Acquired the +2 helmet "Naniseigh" {rElec rPois rC- Int+4}
  3794 | D:3      | Found a hide-covered altar of Uskayaw.
  4155 | D:4      | Noticed a black bear
  4173 | D:4      | Killed a black bear
  4174 | D:4      | Reached skill level 1 in Short Blades
  4174 | D:4      | Reached XP level 6. HP: 25/42 MP: 0/0
  4976 | D:4      | Found a hazy altar of Hepliaklqana.
  5182 | D:4      | Noticed a black bear
  5194 | D:4      | Killed a black bear
  5195 | D:4      | Reached skill level 1 in Shields
  5195 | D:4      | Reached XP level 7. HP: 27/48 MP: 0/0
  5195 | D:4      | Learned a level 3 spell: Call Canine Familiar
  5400 | D:5      | Entered Level 5 of the Dungeon
  5438 | D:5      | Noticed a water moccasin
  5447 | D:5      | Killed a water moccasin
  5459 | D:5      | HP: 1/49 [centaur (4)]
  5460 | D:5      | Slain by a centaur

Illustrated notes

Levels and vault maps discovered:
D:1:      matt_arrival_spirals, layout_basic, hex_intersection
D:2:      layout_basic, serial_bayou_crossing
D:3:      layout_rooms, mainiacjoe_overflow_brackets
D:4:      layout_cave_pools, nicolae_hepliaklqana_hippocampus,
          serial_co_window_serial, co_window_paths_a, co_window_paths_a,
          co_window_paths_b, co_window_of_opportunity_a, co_window_paths_a,
          co_window_broadway_c, co_window_cross_3, co_window_of_opportunity_b,
          co_window_paths_e, co_window_sun, glass_columns_b, glass_columns_c,
          glass_columns_b, kennysheep_generic_room_11
D:5:      layout_cave_pools, mainiacjoe_overflow_concentric_impassable,
          enter_ossuary_5, nicolae_elemental_shop,
          chequers_serial_rivers_large_b, roderic_lattice_a

Skill      XL: |  1  2  3  4  5  6  7 |
---------------+----------------------+-----
Spellcasting   | 3 |  3.5
Polearms       | 1 2 |  2.2
Armour         | 1 2 3 |  3.3
Fighting       | 1 2 |  2.0
Short Blades   | 1 2 |  2.0
Dodging        | 3 |  3.5
Shields        | 1 |  1.3
Stealth        | |  1.9

Action                   |  1- 3 |  4- 6 |  7- 9 || total
-------------------------+-------+-------+-------++-------
Melee: Whip              |     7 |       |       ||     7
       Spear             |   120 |    77 |       ||   197
       Dagger            |     3 |    88 |    13 ||   104
 Cast: Magic Dart        |    25 |    32 |    11 ||    68
       Call Imp          |       |     2 |       ||     2
       Conjure Flame     |       |     1 |       ||     1
       Mephitic Cloud    |       |     1 |       ||     1
       Call Canine Famil |       |       |     1 ||     1
  Use: Scroll            |       |     6 |       ||     6
 Stab: Sleeping          |       |     1 |       ||     1
Armor: Ring mail         |    63 |   101 |    17 ||   181
Dodge: Dodged            |    70 |    98 |    21 ||   189
Block: Buckler           |    11 |    24 |     7 ||    42
